 Dungeon Crawl Stone Soup version 0.19.4-9-g45fd643 (webtiles) character file.

29 vatarom the Scratcher (level 3, 0/17 HPs)
             Began as a Felid Transmuter on Feb 16, 2017.
             Succumbed to an adder's poison
             ... on level 2 of the Dungeon on Feb 17, 2017.
             The game lasted 00:02:51 (1197 turns).

vatarom the Scratcher (Felid Transmuter)            Turns: 1197, Time: 00:02:52

Health: 0/17       AC:  1    Str:  7    XL:     3   Next: 1%
Magic:  1/7        EV: 18    Int: 14    God:
Gold:   87         SH:  0    Dex: 16    Spells: 3 memorised, 0 levels left
                                        Lives:  0   Deaths: 0

rFire  . . .     SeeInvis +       - Unarmed
rCold  . . .     Gourm    .     (armour unavailable)
rNeg   . . .     Faith    .     (shield unavailable)
rPois  .         Spirit   .     (helmet unavailable)
rElec  .         Reflect  .     (cloak unavailable)
rCorr  .         Harm     .     (gloves unavailable)
MR     .....                    (boots unavailable)
Stlth  ++........               (no amulet)
                                (no ring)
                                (no ring)

@: lethally poisoned (0 -> -11), appendage, quick
A: no armour, no weapons or thrown items, stealth, claws 1, fangs 3, horns 2,
see invisible, carnivore 3, speed 1, shaggy fur 1, slow metabolism 1, sharp paws
a: End Transformation


You were on level 2 of the Dungeon.
You were very full.
You had grown temporary horns.
You visited 1 branch of the dungeon, and saw 2 of its levels.

You collected 87 gold pieces.

Inventory:

Missiles
 a - 4 arrows
Scrolls
 e - a scroll of identify
Books
 b - a book of Changes

   Spells                             Type                      Level
   a - Beastly Appendage              Transmutation                1
   b - Sticks to Snakes               Transmutation                2
   c - Spider Form                    Transmutation/Poison         3
   d - Ice Form                       Ice/Transmutation            4
   e - Blade Hands                    Transmutation                5
Comestibles
 c - 3 meat rations
 d - a slice of pizza
 f - 3 chunks of flesh


   Skills:
 + Level 3.0 Fighting
 - Level 2.6 Dodging
 - Level 3.0 Unarmed Combat
 - Level 2.0 Spellcasting
 - Level 2.1 Transmutations


You couldn't memorise any spells.
You knew the following spells:

 Your Spells              Type           Power        Failure   Level  Hunger
a - Beastly Appendage     Tmut           #.....       12%         1    ##.....
b - Sticks to Snakes      Tmut           #.......     17%         2    ###....
c - Spider Form           Tmut/Pois      #.........   47%         3    ####...


Dungeon Overview and Level Annotations

Branches:
Dungeon (2/15)

Altars:


Innate Abilities, Weirdness & Mutations

You cannot wear armour.
You are incapable of wielding weapons or throwing items.
Your paws allow you to move quietly. (Stealth)
You have sharp claws.
You have razor-sharp teeth.
You have supernaturally acute eyesight. (SInv)
You are carnivorous and can eat meat at any time.
You cover ground quickly.
You are covered in fur. (AC +1)
You have a slow metabolism.
Your sharp claws are effective at attacking unaware monsters.
You have a pair of horns on your head.


Message History

The adder poisons you!
You closely miss the adder.
The adder is moderately wounded.
* * * LOW HITPOINT WARNING * * *
You feel sick. The adder misses you. x2
You aren't carrying any potions.
You barely miss the adder. Your headbutt misses the adder.
The adder is moderately wounded.
* * * LOW HITPOINT WARNING * * *
You feel sick. The adder misses you.
You scratch the adder.
The adder is heavily wounded.
* * * LOW HITPOINT WARNING * * *
You feel sick. The adder bites you.
* * * LOW HITPOINT WARNING * * *
Unknown command.
Warning: Bad travel_delay: "20 (or -1 online)" (~/.crawlrc:133) Welcome back, vatarom the Felid Transmuter.
Press ? for a list of commands and other information.
You die...

#.#..........#.##....###...
#.#.##.#.....#.#......#.###
#........>...............#
#......>.##.##.#.....###.#
##..###........##...### .#
#..###.####.## #<....# .#
#....KggS.#.# ##^.#.# .#
#.####.##.# ##.#.##.# ##.#
#.##@# #......# #..#
#......# ###.#### #.##
##.....# ####.#### #.#
#.....# #.......# #.#
#.....# #.##.##.# #.#
#.....# #....##.# ####.###
####### #..####.# #......#
#..####.# #.##.#.#
#.......#


You could see an adder.

Vanquished Creatures
  An ooze (D:1)
  A worm (D:2)
  A dart slug (D:1)
  A leopard gecko (D:1)
  4 bats (D:1)
  A giant cockroach (D:1)
  A goblin (D:1)
  3 hobgoblins
  A kobold (D:2)
  A ball python (D:1)
  A frilled lizard (D:1)
  3 rats (D:1)
19 creatures vanquished.

Vanquished Creatures (collateral kills)
  A frilled lizard (D:1)
1 creature vanquished.

Grand Total: 20 creatures vanquished

Notes
Turn   | Place    | Note
-------+----------+-------------------------------------------
     0 | D:1      | vatarom the Felid Transmuter began the quest for the Orb.
     0 | D:1      | Reached XP level 1. HP: 9/9 MP: 4/4
     3 | D:1      | Noticed an electric eel
     3 | D:1      | Noticed an electric eel
   213 | D:1      | Reached XP level 2. HP: 6/13 MP: 3/6
   234 | D:1      | Learned a level 2 spell: Sticks to Snakes
  1004 | D:2      | Reached XP level 3. HP: 15/17 MP: 1/7
  1038 | D:2      | Learned a level 3 spell: Spider Form
  1197 | D:2      | Succumbed to an adder's poison

Skill      XL: |  1  2 |
---------------+-------+-----
Fighting       | 2 3 |  3.0
Dodging        | |  2.6
Unarmed Combat | |  3.0
Spellcasting   | |  2.0
Transmutations | |  2.1

Action                   || total
-------------------------++-------
Melee: Unarmed           ||    61
       Headbutt          ||     3
       Bite              ||     6
       Punch             ||     1
 Cast: Beastly Appendage ||    10
       Sticks to Snakes  ||     8
  Use: Potion            ||     3
       Scroll            ||     7
 Stab: Sleeping          ||     4
  Eat: Chunk             ||     8
Armor: Skin              ||     5
Dodge: Dodged            ||    51
